 Dungeon Crawl Stone Soup version 0.31.0-12-g77e489cdc1 (webtiles) character file.

Game seed: 7051927084584339333

4392 Doomgape the Protected (level 10, 0/79 HPs)
             Began as an Armataur Fighter on Feb 18, 2024.
             Was a Believer of Hepliaklqana.
             Slain by a hornet (5 damage)
             ... while paralysed by a hornet
             ... on level 8 of the Dungeon.
             The game lasted 00:22:10 (7073 turns).

Doomgape the Protected (Armataur Fighter)           Turns: 7073, Time: 00:22:11

Health: 0/79       AC: 15    Str: 33    XL:     10   Next: 13%
Magic:  10/10      EV:  1    Int:  8    God:    Hepliaklqana [**....]
Gold:   504        SH:  0    Dex:  9    Spells: 9/9 levels left

rFire   + . .        o - +0 broad axe
rCold   + . .        c - +0 buckler
rNeg    . . .        a - +0 plate armour
rPois   .            (no helmet)
rElec   .            I - scarf {rC+ rF+}
rCorr   .            A - +1 pair of gloves
SInv    .            (no barding)
Will    .....        (no amulet) Stlth
                     k - +5 ring of evasion
HPRegen 0.33/turn    w - +6 ring of strength
MPRegen 0.12/turn

%: roll
@: paralysed, lethally poisoned (0 -> -18), slowed
A: reduced essence, large, deformed body, tough skin 3, armoured tail, roll 2
a: Renounce Religion, Recall Ancestor, Ancestor Identity


You were on level 8 of the Dungeon.
You worshipped Hepliaklqana.
Hepliaklqana was pleased with you.
You visited 2 branches of the dungeon, and saw 9 of its levels.

You collected 504 gold pieces.

Inventory:

Hand Weapons
 o - a +0 broad axe (weapon)
 C - the +8 storm bow {elec, penet}
   (You found it on level 7 of the Dungeon)
Missiles
 v - a throwing net (quivered)
Armour
 a - a +0 plate armour (worn)
 c - a +0 buckler (worn)
 m - a scarf of repulsion
 A - a +1 pair of gloves (worn)
 I - a scarf of resistance (worn)
Jewellery
 k - a +5 ring of evasion (left hand)
 t - a ring of ice
 w - a +6 ring of strength (right hand)
 y - a ring of protection from fire
 B - a ring of fire
 E - a ring of fire
Wands
 e - a wand of flame (23)
 x - a wand of light (8)
Scrolls
 f - 12 scrolls of identify
 i - 2 scrolls of teleportation
 r - a scroll of fear
 u - a scroll of butterflies
 z - a scroll of revelation
 D - a scroll of brand weapon
 G - a scroll of amnesia
 H - a scroll of blinking {unknown}
Potions
 b - 2 potions of magic {unknown}
 d - 2 potions of might
 g - 2 potions of haste
 h - 6 potions of curing
 j - 4 potions of lignification {unknown}
 l - 3 potions of brilliance {unknown}
 n - a potion of degeneration {unknown}
 p - a potion of heal wounds {unknown}
 q - 2 potions of invisibility {unknown}
 s - a potion of attraction {unknown}
 F - a potion of resistance {unknown}


   Skills:
 + Level 8.0 Fighting
 + Level 7.0 Axes
 + Level 10.4 Armour
 - Level 5.8 Shields


You had 9 spell levels left.
You didn't know any spells.
Your spell library contained the following spells:

 Spells                   Type           Power      Damage    Failure   Level
 Kiss of Death            Conj/Necr      0%         2d5       96%         1
 Ensorcelled Hibernation  Hex/Ice        0%         N/A       99%         2
 Confusing Touch          Hex            0%         N/A       100%        3
 Fugue of the Fallen      Necr           0%         N/A       100%        3
 Hailstorm                Conj/Ice       0%         3d5       100%        3
 Inner Flame              Hex/Fire       0%         N/A       100%        3
 Summon Ice Beast         Ice/Summ       0%         N/A       100%        3
 Tukima's Dance           Hex            0%         N/A       100%        3
 Anguish                  Hex/Necr       0%         N/A       100%        4
 Dimensional Bullseye     Hex/Tloc       0%         N/A       100%        4
 Dispel Undead            Necr           0%         3d6       100%        4
 Flame Wave               Conj/Fire      0%         2d4       100%        4
 Iskenderun's Mystic Bla  Conj/Tloc      0%         2d3       100%        4
 Passage of Golubria      Tloc           0%         N/A       100%        4
 Sticky Flame             Fire/Alch      0%         2d4       100%        4
 Yara's Violent Unravell  Hex/Alch       0%         3d3       100%        5
 Sculpt Simulacrum        Ice/Alch       0%         N/A       100%        6


Dungeon Overview and Level Annotations

Branches:
Dungeon (8/15)             Temple (1/1) D:5
   Lair: D:8-11

Altars:
Ashenzari
Cheibriados
Dithmenos
Elyvilon
Fedhas
Gozag
Hepliaklqana
Kikubaaqudgha
Makhleb
Nemelex Xobeh
Okawaru
Qazlal
Ru
Trog
Uskayaw
Vehumet
Wu Jian
Xom
Yredelemnul
Zin
The Shining One

Shops:
D:7 (

Annotations:
D:3 2 transporters


Innate Abilities, Weirdness & Mutations

Your life essence is reduced to manifest your ancestor. (-10% HP)
Armour fits poorly on your strangely shaped body.
You have extremely tough skin. (AC +3)
You have a long armoured tail.
You regenerate magic and health when rolling toward enemies. (Rampage Regen)


Message History

There is an open door here.
Things that are here:
a yak skeleton; a yak skeleton
There is an open door, spattered with blood here.
A hornet comes into view.
The hornet buzzes angrily.
The hornet stings you but does no damage.
You closely miss the hornet.
Your tail-slap misses the hornet.
The hornet stings you!
You feel yourself slow down.
Vasya gestures at the hornet while chanting.
The puff of frost misses the hornet.
The hornet stings you.
You are poisoned.
You suddenly lose the ability to move!
You feel very sick. The hornet stings you!
You are more poisoned.
You feel as though you will be slow longer.
You can move again.
Unknown command.
You hit the hornet but do no damage.
You feel extremely sick. The hornet misses you. The hornet stings you!
You feel as though you will be slow longer.
The hornet stings you but does no damage.
Unknown command.
You barely miss the hornet. You tail-slap the hornet.
The hornet is lightly wounded.
You feel very sick. The hornet stings you.
You feel as though you will be slow longer.
The hornet stings you!
* * * LOW HITPOINT WARNING * * *
You suddenly lose the ability to move!
The hornet stings you but does no damage.
You feel sick. The hornet stings you!
* * * LOW HITPOINT WARNING * * *
You are more poisoned.
You feel as though you will be slow longer.
The hornet stings you.
You die...

#.#####......#########..
#..##.......###.#.#.###.
#...##.....###.#.#R#.###
#....###'####.#.#.#.#.##
#....#.....#.#.#.#.#.#.#
#....#.###.##.#.#.#.#.##
#....#.#.##'รท#.#.#.#.#.'
#....#.#y$###.#.#.#.#.##
#....#R@# #.#.#.#.#.#.#
#....########.#.#.#.#.##
#...........##.#.#.#.##.
#....#.......##.#.#.##..
#....#####+#..#######...
#....# #............
#....# #####'#......
#....# #.....#......
#....# #..>..#......


You could see the friendly Vasya the battlemage and a hornet (ally target).

Vanquished Creatures
  A hornet (D:8)
  Prince Ribbit (D:7)
  2 yaks (D:8)
  Eustachio (D:6)
  2 steam dragons
  2 water moccasins
  2 orc warriors
  4 ice beasts
  A sky beast (D:4)
  2 ogres
  5 centaurs
  A kobold brigand (D:7)
  4 bullfrogs
  3 scorpions
  A wight (D:8)
  A killer bee (D:8)
  2 howler monkeys (D:7)
  A bombardier beetle (D:5)
  2 orc priests (D:7)
  A gnoll bouda (D:6)
  A hound (D:7)
  2 jellies
  An iguana (D:4)
  6 orc wizards
  6 gnolls (D:6)
  A river rat (D:5)
  6 adders
  A shadow imp (D:8)
  2 white imps
  3 ribbon worms (D:5)
  4 dart slugs
  10 orcs
  2 bats
  5 endoplasms
  5 giant cockroaches
  4 goblins
  5 hobgoblins
  10 kobolds
  3 quokkas
  7 ball pythons
  A frilled lizard (D:3)
  5 rats
129 creatures vanquished.

Vanquished Creatures (collateral kills)
  2 yaks (D:8)
  A black bear (D:7)
  A centaur (D:8)
  A howler monkey (D:7)
  A lava snake (D:7)
  A hound (D:7)
  An orc priest (D:8)
  A gnoll bouda (D:8)
  A sleepcap (D:8)
  2 white imps
  4 orcs (D:8)
  A kobold (D:7)
17 creatures vanquished.

Vanquished Creatures (others)
  An arcanist (D:3)
  An orc wizard (D:4)
  2 ancestors
  An orc (D:7)
5 creatures vanquished.

Grand Total: 151 creatures vanquished

Notes
Turn   | Place    | Note
-------+----------+-------------------------------------------
     0 | D:1      | Doomgape the Armataur Fighter began the quest for the Orb.
     0 | D:1      | Reached XP level 1. HP: 18/18 MP: 1/1
   141 | D:1      | Reached XP level 2. HP: 19/25 MP: 2/2
   569 | D:2      | Reached skill level 4 in Armour
   569 | D:2      | Reached XP level 3. HP: 31/31 MP: 3/3
  1069 | D:3      | Found a transporter.
  1166 | D:3      | Found a transporter.
  1369 | D:3      | Reached XP level 4. HP: 18/38 MP: 4/4
  1649 | D:3      | Found a sacrificial altar of Ru.
  1806 | D:3      | Found a glowing golden altar of the Shining One.
  1907 | D:3      | Found a bloodstained altar of Trog.
  1911 | D:3      | Noticed a wizard
  1916 | D:3      | Killed a wizard
  2084 | D:4      | Reached XP level 5. HP: 10/45 MP: 5/5
  2410 | D:4      | Noticed an ogre
  2421 | D:4      | Killed an ogre
  2422 | D:4      | Reached skill level 5 in Armour
  2543 | D:4      | Noticed a sky beast
  2560 | D:4      | Reached XP level 6. HP: 44/52 MP: 6/6
  2615 | D:4      | Killed a sky beast
  2830 | D:5      | Entered Level 5 of the Dungeon
  2989 | D:5      | Reached skill level 5 in Shields
  3156 | D:5      | Found a staircase to the Ecumenical Temple.
  3281 | Temple   | Entered the Ecumenical Temple
  3297 | Temple   | Became a worshipper of Hepliaklqana the Forgotten
  3432 | D:5      | Gained mutation: You regenerate magic and health when
                  | rolling toward enemies. (Rampage Regen) [Armataur growth]
  3432 | D:5      | Reached XP level 7. HP: 56/60 MP: 7/7
  3561 | D:5      | Found a glowing drain.
  3679 | D:6      | Noticed a steam dragon
  3691 | D:6      | Killed a steam dragon
  3691 | D:6      | Noticed Eustachio
  3692 | D:6      | Reached skill level 6 in Armour
  3789 | D:6      | Killed Eustachio
  3836 | D:6      | Found an ancient bone altar of Kikubaaqudgha.
  3854 | D:6      | Reached skill level 5 in Fighting
  3867 | D:6      | Reached XP level 8. HP: 44/68 MP: 8/8
  3990 | D:6      | Found a broken altar of Ashenzari.
  4068 | D:6      | Reached skill level 7 in Armour
  4165 | D:6      | Reached * piety under Hepliaklqana
  4391 | D:6      | Found an opulent altar of Gozag.
  4397 | D:6      | Found a stormy altar of Qazlal.
  4397 | D:6      | Found a shimmering altar of Xom.
  4412 | D:6      | Found a blossoming altar of Fedhas.
  4846 | D:7      | Reached skill level 5 in Axes
  4846 | D:7      | Reached skill level 8 in Armour
  4994 | D:7      | HP: 3/63 [kobold/bolt of light (10)]
  5333 | D:7      | Found Keuxairgh's Antique Weapon Boutique.
  5362 | D:7      | Reached XP level 9. HP: 69/69 MP: 9/9
  5424 | D:7      | Found a burning altar of Makhleb.
  5433 | D:7      | Found an ornate altar of the Wu Jian Council.
  5451 | D:7      | Found the +8 storm bow {elec, penet}
  5498 | D:7      | Noticed Prince Ribbit
  5512 | D:7      | Killed Prince Ribbit
  5513 | D:7      | Reached skill level 9 in Armour
  5997 | D:7      | Found a hide-covered altar of Uskayaw.
  6002 | D:7      | Identified the +0 dagger "Newtbane" {venom, Str+2}
  6256 | D:8      | Reached ** piety under Hepliaklqana
  6257 | D:8      | Remembered your ancestor Vasya as a battlemage
  6626 | D:8      | Found a shimmering altar of Xom.
  6627 | D:8      | Found a glowing silver altar of Zin.
  6670 | D:8      | Reached skill level 10 in Armour
  6796 | D:8      | Reached XP level 10. HP: 79/79 MP: 10/10
  7069 | D:8      | Paralysed by a hornet for 2 turns
  7072 | D:8      | Paralysed by a hornet for 3 turns
  7073 | D:8      | Slain by a hornet

Illustrated notes

Levels and vault maps discovered:
D:1:      minmay_arrival_stair_chambers, layout_basic, minmay_gold_behind_fungi
D:2:      layout_rooms
D:3:      gammafunk_steamed_eel, layout_basic, trog_wizard,
          lemuel_coloured_pillars_altar, nicolae_ru_great_annihilating_truth
D:4:      minmay_clustersquares, layout_gridville
D:5:      layout_cave_pools, minmay_temple_entry_poolview,
          gup_sewer_entry_bubbles
D:6:      layout_loops_ring, nicolae_overflow_crystal_walls,
          ashenzari_conservatory_becter, nicolae_kikubaaqudgha_miasma_corner,
          grunt_temple_overflow_open, uniq_eustachio
D:7:      layout_loops_cross, mainiacjoe_overflow_catwalk,
          jmf_multi_god_temple2, serial_shops, nicolae_inconvenience_store,
          uniq_prince_ribbit1
D:8:      minmay_the_grid_octo_tiled_squarecenter
          [minmay_the_grid_octo_checkered, minmay_the_grid_octo_clover,
          minmay_the_grid_octo_fan_narrow, minmay_the_grid_octo_vomiting_pacman,
          minmay_the_grid_square_5x5_megaprize_hollow,
          minmay_the_grid_square_5x5_six, minmay_the_grid_square_5x5_misaligned,
          minmay_the_grid_square_5x5_longway,
          minmay_the_grid_square_5x5_minimal], layout_gridville
Temple:   chequers_temple_sunken

Skill      XL: |  1  2  3  4  5  6  7  8  9 10 |
---------------+-------------------------------+-----
Fighting       | 3 4 5 6 7 8 |  8.0
Axes           | 2 3 4 5 6 7 |  7.0
Armour         | 4 5 6 8 10 | 10.4
Shields        | 4 5 |  5.8

Action                     |  1- 3 |  4- 6 |  7- 9 | 10-12 || total
---------------------------+-------+-------+-------+-------++-------
  Melee: War axe           |   113 |    66 |       |       ||   179
         Tailslap          |    12 |    14 |    38 |     3 ||    67
         Broad axe         |       |    63 |   231 |    24 ||   318
 Invoke: Ancestor Identity |       |       |     1 |       ||     1
         Ancestor Life: Ba |       |       |     1 |       ||     1
    Use: Scroll            |       |    10 |     3 |       ||    13
         Potion            |       |     2 |     2 |       ||     4
   Stab: Paralysed         |       |     1 |       |       ||     1
         Distracted        |       |       |       |     1 ||     1
 Armour: Scale mail        |    67 |    63 |       |       ||   130
         Plate armour      |       |    38 |   176 |    34 ||   248
  Dodge: Dodged            |    66 |    78 |   117 |    10 ||   271
         Repelled          |       |     1 |     4 |       ||     5
  Block: Buckler           |    29 |    22 |    57 |     9 ||   117
